 Dungeon Crawl Stone Soup version 0.23-a0-677-g07611c5 (webtiles) character file.

5 Amnesiac the Digger (level 1, 0/14 HPs)
             Began as a Draconian Earth Elementalist on Jan 9, 2019.
             Succumbed to a kobold's poison
             ... on level 1 of the Dungeon.
             The game lasted 00:00:21 (93 turns).

Amnesiac the Digger (Draconian Earth Elementalist)    Turns: 93, Time: 00:00:22

Health: 0/14       AC:  4    Str: 10    XL:     1   Next: 66%
Magic:  2/3        EV: 12    Int: 15    God:
Gold:   10         SH:  0    Dex: 11    Spells: 3/4 levels left

rFire    . . .     SeeInvis .   (no weapon)
rCold    . . .     Gourm    .   (no shield)
rNeg     . . .     Faith    .   (armour unavailable)
rPois    .         Spirit   .   (helmet restricted)
rElec    .         Reflect  .   (no cloak)
rCorr    .         Harm     .   (no gloves)
MR       .....                  (no boots)
Stlth    ++........             (no amulet)
HPRegen  0.04/turn              (no ring)
MPRegen  0.08/turn              (no ring)

@: lethally poisoned (0 -> -10), very slightly contaminated, invisible
A: unfitting armour, cold-blooded, AC +4
a: no special abilities


You were on level 1 of the Dungeon.
You were not hungry.

You visited 1 branch of the dungeon, and saw 1 of its levels.

You collected 10 gold pieces.

Inventory:

Missiles
 b - 28 stones (quivered)
Comestibles
 a - a chunk of flesh
 c - 2 rations


   Skills:
 - Level 1.7 Dodging
 - Level 1.7 Stealth
 + Level 2.1 Spellcasting
   Level 1.0 Transmutations
 * Level 3.2 Earth Magic


You had 3 spell levels left.
You knew the following spells:

 Your Spells              Type           Power        Failure   Level  Hunger
a - Sandblast             Erth           ##....       6%          1    #......

Your spell library contained the following spells:

 Spells                   Type           Power        Failure   Level  Hunger
 Passwall                 Tmut/Erth      #.......     14%         2    ###....
 Stone Arrow              Conj/Erth      #.....       32%         3    ###....
 Petrify                  Tmut/Erth      #.......     65%         4    #####..
 Lee's Rapid Deconstruct  Erth           ##........   85%         5    ######.


Dungeon Overview and Level Annotations

Branches:
Dungeon (1/15)

Altars:


Innate Abilities, Weirdness & Mutations

Your plain brown scales are hard. (AC +4)
You cannot fit into any form of body armour.
You are cold-blooded and may be slowed by cold attacks.


Message History

No target in view!
No target in view!
No target in view!
d - a metallic dark potion {!q}
Found an escape hatch in the floor.
A kobold comes into view. It is wielding a +2 dagger of venom.
Found 14 gold pieces.
The kobold shouts!
The kobold throws a stone.
The stone misses you.
A rat comes into view.
The kobold barely misses you.
A bat comes into view.
Found a ration.
You hit the kobold.
The kobold is moderately wounded.
The kobold barely misses you.
You barely miss the kobold.
The kobold is moderately wounded.
The bat barely misses you. The kobold hits you but does no damage.
You are poisoned.
The rat bites you but does no damage.
You hit the kobold.
The kobold is severely wounded.
You feel sick. The bat hits you. The bat barely misses you.
The kobold barely misses you. The rat bites you but does no damage.
You closely miss the kobold.
The kobold is severely wounded.
You feel sick. The bat hits you. The bat hits you but does no damage.
The kobold hits you with a +2 dagger of venom.
You are more poisoned.
The rat bites you but does no damage.
You hit the kobold.
You kill the kobold!
You feel sick. The bat closely misses you. The bat hits you but does no damage.
The rat bites you.
* * * LOW HITPOINT WARNING * * *
You closely miss the rat.
* * * LOW HITPOINT WARNING * * *
You feel sick. The bat barely misses you. The rat barely misses you.
You hit the rat.
You kill the rat!
* * * LOW HITPOINT WARNING * * *
You feel sick. The bat hits you.
* * * LOW HITPOINT WARNING * * *
You are too injured to fight recklessly!
You are too injured to fight recklessly!
Casting: Sandblast (safe; 6% risk of failure)
Confirm with . or Enter, or press ? or * to list all spells.
Aiming: Sandblast (safe; 6% risk of failure)
Press: ? - help, Shift-Dir - straight line, f - bat
Aim: a bat The blast of sand hits the bat.
You kill the bat!
b - 28 stones
* * * LOW HITPOINT WARNING * * *
You feel sick.
Casting: Sandblast (safe; 6% risk of failure)
Confirm with . or Enter, or press ? or * to list all spells.
You can't see any susceptible monsters within range! (Use Z to cast anyway.) Really quaff
d - a metallic dark potion {!q}?
It was a potion of invisibility {!q}.
You fade into invisibility!
You are very lightly contaminated with residual magic.
You die...

#.# ##.####.# # #.#
#....##.# #
###.#####..(#.#.#####
..$.................
#######.########.##.#####
........(................
#######.########.##.#####
......†....# #.##......
.....>)†@#.# #.########
##.#.###.# # #.# # #...
#.# ..# . .... ... .## ##
##. #.#. #. #.#% #.. .
#..


There were no monsters in sight!

Vanquished Creatures
  A leopard gecko (D:1)
  A bat (D:1)
  A kobold (D:1)
  2 rats (D:1)
5 creatures vanquished.

Notes
Turn   | Place    | Note
-------+----------+-------------------------------------------
     0 | D:1      | Amnesiac the Draconian Earth Elementalist began the quest
                  | for the Orb.
     0 | D:1      | Reached XP level 1. HP: 14/14 MP: 3/3
    93 | D:1      | Succumbed to a kobold's poison

Vault maps used:
D:1:      lightli_arrival_quake

Action                   || total
-------------------------++-------
Melee: Unarmed           ||    10
 Cast: Sandblast         ||     2
  Use: Potion            ||     1
Armor: Skin              ||     8
Dodge: Dodged            ||    10

Table legend:
 A = Non-vault XP
 B = Vault XP
 C = Vault XP percentage of total XP
 D = Non-vault monster count
 E = Vault monster count
 F = Vault count percentage of total count
                 A         B        C        D         E       F
            +---------+---------+-------+---------+---------+-------
      Total |       8 |       0 |   0.0 |       5 |       0 |   0.0
            +---------+---------+-------+---------+---------+-------
        D:1 |       8 |       0 |   0.0 |       5 |       0 |   0.0
            +---------+---------+-------+---------+---------+-------
